 Dungeon Crawl Stone Soup version 0.22.0 (webtiles) character file.

765 jjfam the Chopper (level 7, -8/64 HPs)
             Began as a Deep Dwarf Fighter on Aug 11, 2018.
             Mangled by Terandir's ghost (14 damage)
             ... on level 5 of the Dungeon.
             The game lasted 00:09:52 (3754 turns).

jjfam the Chopper (Deep Dwarf Fighter)              Turns: 3754, Time: 00:09:53

Health: -8/64      AC:  8    Str: 21    XL:     7   Next: 51%
Magic:  5/5        EV:  8    Int:  9    God:
Gold:   310        SH: 10    Dex: 12    Spells: 6/6 levels left

rFire    . . .     SeeInvis .   a - +0 war axe
rCold    . . .     Gourm    .   c - +0 shield
rNeg     . . .     Faith    +   b - +0 scale mail
rPois    .         Spirit   .   (no helmet)
rElec    .         Reflect  .   (no cloak)
rCorr    .         Harm     .   j - +0 pair of gloves
MR       +....                  (no boots)
Stlth    ..........             u - amulet of faith
HPRegen  0.00/turn              (no ring)
MPRegen  0.09/turn              (no ring)

@: non-regenerating
A: damage resistance, heal wounds, sense surroundings 1, no regeneration
a: Heal Wounds


You were on level 5 of the Dungeon.
You were not hungry.

You visited 1 branch of the dungeon, and saw 5 of its levels.

You collected 310 gold pieces.

Inventory:

Hand Weapons
 a - a +0 war axe (weapon)
Armour
 b - a +0 scale mail (worn)
 c - a +0 shield (worn)
 j - a +0 pair of gloves (worn)
Jewellery
 u - an amulet of faith (around neck)
Scrolls
 e - 4 scrolls of remove curse {unknown}
 g - 2 scrolls of fog {unknown}
 i - 2 scrolls of random uselessness {unknown}
 k - a scroll of magic mapping {unknown}
 l - 2 scrolls of fear {unknown}
 o - a scroll of enchant weapon {unknown}
 p - 2 scrolls of noise {unknown}
 r - 3 scrolls of blinking {unknown}
 x - a scroll of identify {unknown}
Potions
 d - 2 potions of might
 m - 3 potions of curing {unknown}
 n - a potion of invisibility {unknown}
 q - 2 potions of haste {unknown}
 s - a potion of ambrosia {unknown}
 t - a potion of berserk rage {unknown}
 v - 2 potions of agility {unknown}
 w - a potion of degeneration {unknown}
 z - a potion of lignification {unknown}
Comestibles
 f - 8 rations


   Skills:
 + Level 4.1 Fighting
 + Level 6.0 Axes
 + Level 4.9 Armour
 + Level 1.7 Dodging
 + Level 0.5 Stealth
 + Level 5.4 Shields


You had 6 spell levels left.
You didn't know any spells.
Your spell library contained the following spells:

 Spells                   Type           Power        Failure   Level  Hunger
 Apportation              Tloc           #.....       98%         1    ##.....
 Summon Small Mammal      Summ           #...         98%         1    ##.....
 Animate Skeleton         Necr           N/A          98%         1    ##.....
 Confusing Touch          Hex            #.....       98%         1    ##.....


Dungeon Overview and Level Annotations

Branches:
Dungeon (5/15)
 Temple: D:4-7

Altars:
Yredelemnul

Annotations:
D:5 Terandir's ghost, amateur MiFi


Innate Abilities, Weirdness & Mutations

You are resistant to damage.
You can heal yourself by infusing magical energy.
You passively map a small area around you.
You do not regenerate.


Message History

Terandir's ghost hits you!
You slash Terandir's ghost!
Terandir's ghost is almost destroyed.
You block Terandir's ghost's attack.
You hit Terandir's ghost but do no damage.
Terandir's ghost is almost destroyed.
Terandir's ghost hits you!
* * * LOW HITPOINT WARNING * * *
You block Terandir's ghost's attack.
All of the chunks of flesh in your inventory have rotted away.
You hit Terandir's ghost.
Terandir's ghost is almost destroyed.
You block Terandir's ghost's attack.
You hit Terandir's ghost but do no damage.
Terandir's ghost is almost destroyed.
Terandir's ghost hits you but does no damage.
You hit Terandir's ghost.
Terandir's ghost is almost destroyed.
Terandir's ghost hits you!
You die...

* , , * , * # * .#
###. ** #..
*######### #.# * ,
#.......###.##.##
#..$....#..@....#
##.........#W#...#
,......)...##.##..##
##.......##..(##..#
,
##......##.....##.#
#.......#⌠.!♣%.⌠#.#
#.#.###.##.....##.#
....* #..##...##..#
...
*##..##⌠##..#####


You could see Terandir's ghost.

Vanquished Creatures
  Sigmund (D:3)
  A human (D:2)
  A scorpion (D:4)
  A hound (D:4)
  An orc priest (D:3)
  2 orc wizards
  2 iguanas (D:4)
  A worker ant (D:4)
  A hound skeleton (D:5)
  4 adders
  A gnoll (D:1)
  2 shadow imps (D:5)
  4 worms
  2 dart slugs
  6 leopard geckos
  15 orcs
  2 ball pythons
  20 giant cockroaches
  10 goblins
  8 hobgoblins
  8 jackals
  3 quokkas (D:3)
  11 bats
  4 frilled lizards
  9 kobolds
  8 rats
128 creatures vanquished.

Notes
Turn   | Place    | Note
-------+----------+-------------------------------------------
     0 | D:1      | jjfam the Deep Dwarf Fighter began the quest for the Orb.
     0 | D:1      | Reached XP level 1. HP: 20/20 MP: 1/1
    47 | D:1      | Reached XP level 2. HP: 18/27 MP: 2/2
   352 | D:1      | Reached XP level 3. HP: 32/34 MP: 3/3
   800 | D:2      | Found a runed door.
   800 | D:2      | Found a basalt altar of Yredelemnul.
   800 | D:2      | Noticed a human
   845 | D:2      | Killed a human
   845 | D:2      | Reached skill level 4 in Axes
   845 | D:2      | Reached skill level 1 in Dodging
   845 | D:2      | Reached XP level 4. HP: 7/42 MP: 4/4
   845 | D:2      | Reached XP level 5. HP: 8/49 MP: 5/5
  1011 | D:2      | Found a faded altar of an unknown god.
  1441 | D:3      | Reached XP level 6. HP: 23/56 MP: 6/6
  2254 | D:3      | Noticed Sigmund
  2267 | D:3      | Killed Sigmund
  2267 | D:3      | Reached skill level 5 in Axes
  2348 | D:4      | Reached XP level 7. HP: 64/64 MP: 7/7
  2607 | D:4      | Reached skill level 5 in Shields
  3494 | D:5      | Entered Level 5 of the Dungeon
  3591 | D:5      | Reached skill level 6 in Axes
  3693 | D:5      | Noticed Terandir's ghost (amateur MiFi)
  3706 | D:5      | Found a runed door.
  3754 | D:5      | Mangled by Terandir's ghost

Skill      XL: |  1  2  3  4  5  6  7 |
---------------+----------------------+-----
Fighting       | 3 4 |  4.1
Shields        | 4 5 |  5.4
Axes           | 4 5 6 |  6.0
Armour         | 4 |  4.9
Dodging        | 1 |  1.7
Stealth        | |  0.5

Action                   |  1- 3 |  4- 6 |  7- 9 || total
-------------------------+-------+-------+-------++-------
Melee: War axe           |   153 |   187 |   129 ||   469
 Abil: Heal Wounds       |     1 |     6 |     2 ||     9
  Eat: Chunk             |       |     6 |     4 ||    10
Armor: Scale mail        |    84 |    61 |    41 ||   186
Dodge: Dodged            |    57 |    58 |    34 ||   149
Block: Shield            |    89 |   102 |    77 ||   268
